 Dungeon Crawl Stone Soup version 0.16-a0-890-g98fc465 (webtiles) character file.

13092 Ololoev the Carver (level 11, -8/89 HPs)
             Began as a Centaur Fighter on Sept 29, 2014.
             Was a High Priest of Okawaru.
             Mangled by a spiny frog (17 damage)
             ... on Level 1 of the Lair of Beasts.
             The game lasted 01:14:41 (23069 turns).

Ololoev the Carver (Centaur Fighter)               Turns: 23069, Time: 01:14:42

HP  -8/89        AC 15     Str 18      XL: 11   Next: 71%
MP   8/8         EV 10     Int  7      God: Okawaru [*****.]
Gold 377         SH  0     Dex 13      Spells:  0 memorised, 10 levels left

rFire  + . .     SeeInvis .     t - +4 scimitar (flame)
rCold  . . .     Clarity  .     n - +3 leather armour {MR+}
rNeg   . . .     rCorr    .     (no shield)
rPois  +         rRot     .     q - +1 hat (curse)
rElec  .         Spirit   .     c - +2 cloak
SustAb .         Warding  .     v - +2 pair of gloves
rMut   .         Stasis   .     (no barding)
Gourm  .                        J - amulet of rage
MR     +....                    H - ring of protection from fire
                                z - ring of poison resistance

@: very quick, somewhat resistant to hostile enchantments, very unstealthy
A: hooves 3, deformed body, speed 2, tough skin 3
a: Heroism, Finesse, Renounce Religion, Evoke Berserk Rage


You were on level 1 of the Lair of Beasts.
You worshipped Okawaru.
Okawaru was extremely pleased with you.
You were not hungry.

You visited 3 branches of the dungeon, and saw 13 of its levels.
You also visited: Sewer and Bailey.

You collected 797 gold pieces.
You spent 420 gold pieces at shops.

Inventory:

Hand weapons
 g - a +1 long sword of holy wrath
 t - a +4 scimitar of flaming (weapon)
 A - the +2 arbalest of the Fortune-Teller {penet, Str+3 Dex-4}
   (Okawaru gifted it to you on level 10 of the Dungeon)

   Ammo fired by it will pass through the targets it hits, potentially hitting
   all targets in its path until it reaches maximum range.
   It affects your strength (+3).
   It affects your dexterity (-4).
 N - the +1 arbalest of Thryatho {elec, rPois Dex+2}
   (Okawaru gifted it to you on level 1 of the Lair of Beasts)

   It charges the ammunition it shoots with electricity; occasionally upon a
   hit, such missiles may discharge and cause terrible harm.
   It affects your dexterity (+2).
   It protects you from poison.
Missiles
 C - 10 steel bolts
 I - 26 bolts
Armour
 c - a +2 cloak (worn)
 n - a +3 leather armour of magic resistance (worn)
 q - a cursed +1 hat (worn)
 v - a +2 pair of gloves (worn)
Comestibles
 d - 5 bread rations
 p - 19 fruits
 M - 2 chunks of quokka flesh
 O - a chunk of green rat flesh
Scrolls
 b - 5 scrolls of remove curse
 e - a scroll of enchant weapon {unknown}
 h - 3 scrolls of recharging {unknown}
 j - a scroll of fog {unknown}
 l - 7 scrolls of teleportation
 r - 4 scrolls of fear {unknown}
 s - 2 scrolls of enchant armour {unknown}
 w - 4 scrolls of magic mapping {unknown}
 E - a scroll of vulnerability {unknown}
 F - 2 scrolls of silence {unknown}
 L - a scroll of blinking {unknown}
Jewellery
 y - an uncursed ring of see invisible
 z - a ring of poison resistance (left hand)
 H - a ring of protection from fire (right hand)
 J - an amulet of rage (around neck)
Potions
 a - 4 potions of restore abilities
 f - a potion of curing
 i - a potion of lignification {unknown}
 k - 4 potions of flight
 m - 2 potions of cancellation
 o - 3 potions of confusion {unknown}
 u - a potion of berserk rage {unknown}
 x - 2 potions of heal wounds {unknown}
 B - 2 potions of brilliance {unknown}
 D - a potion of might
 G - 2 potions of magic {unknown}
 K - a potion of agility


   Skills:
 - Level 5.7 Fighting
 - Level 14.0 Long Blades
 + Level 8.4 Crossbows
 - Level 3.4 Armour
 - Level 2.4 Dodging
   Level 2.1 Shields


You had 10 spell levels left.
You didn't know any spells.

Dungeon Overview and Level Annotations

Branches:
Dungeon (11/15)            Temple (1/1) D:5             Orc (0/4) D:10
   Lair (1/8) D:10

Altars:
Ashenzari
Elyvilon
Fedhas
Makhleb
Nemelex Xobeh
Okawaru
Qazlal
Sif Muna
Trog
Vehumet
Xom
Yredelemnul

Shops:
D:4 [   D:10 (


Innate Abilities, Weirdness & Mutations

You have hooves in place of feet.
Armour fits poorly on your strangely shaped body.
You cover ground very quickly.
You have extremely tough skin (AC +3).


Message History

The spiny frog is severely wounded.
The spiny frog stings you!!
* * * LOW HITPOINT WARNING * * *
You are too injured to fight recklessly!
You are too injured to fight recklessly!
You are too injured to fight recklessly!
You are too injured to fight recklessly!
Drink which item? (? for menu, Esc to quit)
You feel better.
The spiny frog stings you but does no damage.
You barely miss the spiny frog.
The spiny frog is severely wounded.
The spiny frog stings you!
* * * LOW HITPOINT WARNING * * *
You barely miss the spiny frog. Your kick misses the spiny frog.
The spiny frog is severely wounded.
You slash the spiny frog! You burn the spiny frog. You kick the spiny frog.
The spiny frog is almost dead.
The spiny frog stings you!
You die...

.......
..........P#
.#####
P##.#.#.#..## .P
............#
.##
.........#..## .
..............#
..........#..##
..............#
..............##
#.##+##@###..#
........F.....#
.............#
.............#
.............#
............P
...........
##.######


You could see a spiny frog.

Vanquished Creatures
  A hydra (D:11)
  A hill giant (D:10)
  A cyclops (D:11)
  2 spiny frogs (Lair:1)
  A komodo dragon (D:10)
  A gargoyle (D:10)
  An efreet (D:10)
  A troll (D:9)
  A two-headed ogre (D:10)
  A basilisk (D:11)
  A wraith (D:10)
  A deep elf mage (D:9)
  2 hill giant zombies
  4 yaks (D:11)
  A hill giant skeleton (D:9)
  A hippogriff (D:9)
  4 hungry ghosts
  7 orc warriors
  6 water moccasins
  An ice beast (D:10)
  A phantom (D:7)
  4 sky beasts
  7 ogres
  A manticore zombie (D:9)
  2 crocodiles
  5 centaurs
  A necrophage (D:11)
  Sigmund (D:6)
  2 big kobolds
  4 giant frogs
  Blork the orc (D:7)
  A cyclops zombie (D:10)
  8 scorpions
  A water moccasin skeleton (D:8)
  13 killer bees
  13 wights
  6 crimson imps
  An electric eel (Lair:1)
  Dowan (D:4)
  3 goliath beetles
  A quasit (D:7)
  A two-headed ogre zombie (D:8)
  3 jellies
  Crazy Yiuf (D:4)
  A giant frog skeleton (D:7)
  8 orc priests
  8 hounds
  5 iguanas
  8 worker ants
  2 centaur skeletons
  10 orc wizards
  An ogre zombie (D:9)
  Ijyb (D:4)
  Jessica (D:2)
  A hound zombie (D:8)
  A hound skeleton (D:5)
  2 mummies
  A worker ant zombie (D:8)
  18 adders
  10 gnolls
  15 green rats
  2 shadow imps
  4 giant mites
  6 worms
  3 adder zombies
  2 adder skeletons
  4 oozes
  43 orcs
  11 goblins
  15 hobgoblins
  3 quokkas
  A ball python (Sewer)
  19 bats
  7 giant cockroaches
  7 giant geckos
  A giant gecko skeleton (D:4)
  8 giant newts
  3 giant spores
  2 hobgoblin zombies
  6 jackals
  22 kobolds
  2 orc zombies
  13 rats
  A rat zombie (D:9)
  22 ballistomycetes
  2 butterflies (D:5)
  A fungus (D:4)
424 creatures vanquished.

Vanquished Creatures (others)
  A wizard (D:5)
  Duvessa (D:4)
  A hound (D:11)
  3 giant spores
6 creatures vanquished.

Grand Total: 430 creatures vanquished

Notes
Turn   | Place    | Note
--------------------------------------------------------------
     0 | D:1      | Ololoev, the Centaur Fighter, began the quest for the Orb.
     0 | D:1      | Reached XP level 1. HP: 19/19 MP: 1/1
   517 | D:1      | Reached XP level 2. HP: 26/26 MP: 2/2
  1288 | D:2      | Reached XP level 3. HP: 15/31 MP: 3/3
  1521 | D:2      | Noticed Jessica
  1660 | D:2      | Killed Jessica
  1925 | D:2      | Found a basalt altar of Yredelemnul.
  2234 | D:3      | Found an iron altar of Okawaru.
  2347 | D:3      | Became a worshipper of Warmaster Okawaru
  2410 | D:3      | Reached XP level 4. HP: 38/38 MP: 3/3
  2504 | D:3      | Reached skill level 4 in Long Blades
  3052 | D:3      | Found a deep blue altar of Sif Muna.
  3052 | D:3      | Found a shattered altar of Ashenzari.
  3470 | D:4      | Found Bojezum's Armour Emporium.
  3473 | D:4      | Bought a +2 scale mail of poison resistance for 180 gold pieces
  3526 | D:4      | Reached XP level 5. HP: 35/45 MP: 4/4
  3760 | D:4      | Reached skill level 5 in Long Blades
  3868 | D:4      | Noticed an ogre
  4607 | D:4      | Reached XP level 6. HP: 44/51 MP: 5/5
  4663 | D:4      | Reached skill level 6 in Long Blades
  4675 | D:4      | Noticed Dowan
  4677 | D:4      | Noticed Duvessa
  4701 | D:4      | Killed Duvessa
  4715 | D:4      | Killed Dowan
  4715 | D:4      | Acquired Okawaru's first power
  5057 | D:4      | Found a stormy altar of Qazlal.
  5410 | D:4      | Noticed Ijyb
  5434 | D:4      | Killed Ijyb
  5765 | D:4      | Reached skill level 7 in Long Blades
  5765 | D:4      | Reached XP level 7. HP: 57/57 MP: 5/5
  5823 | D:4      | Noticed Crazy Yiuf
  5831 | D:4      | Killed Crazy Yiuf
  6326 | D:4      | Killed an ogre
  6371 | D:5      | Entered Level 5 of the Dungeon
  7031 | D:5      | Reached skill level 8 in Long Blades
  7211 | D:5      | Reached XP level 8. HP: 44/63 MP: 6/6
  7708 | D:5      | Reached skill level 9 in Long Blades
  7981 | D:5      | Found a staircase to the Ecumenical Temple.
  8077 | D:5      | Found a bloodstained altar of Trog.
  8077 | D:5      | Noticed a wizard
  8084 | D:5      | Killed a wizard
  8119 | Temple   | Entered the Ecumenical Temple
  8463 | D:6      | Noticed Sigmund
  8470 | D:6      | Killed Sigmund
  8641 | D:6      | Reached skill level 10 in Long Blades
  8768 | D:6      | Found a glowing drain.
  8783 | Sewer    | Entered a sewer
 10392 | D:4      | Bought a +3 leather armour of magic resistance for 240 gold pieces
 10776 | D:7      | Reached XP level 9. HP: 56/69 MP: 7/7
 10864 | D:7      | Noticed Blork the orc
 10878 | D:7      | Killed Blork the orc
 10878 | D:7      | Reached skill level 11 in Long Blades
 12014 | D:8      | Reached skill level 12 in Long Blades
 12404 | D:8      | Noticed a cyan ugly thing
 12855 | D:8      | Received a gift from Okawaru
 13987 | D:8      | Reached XP level 10. HP: 68/77 MP: 7/7
 14020 | D:8      | Reached skill level 13 in Long Blades
 14454 | D:9      | Found a blossoming altar of Fedhas.
 14711 | D:9      | Found a sparkling altar of Nemelex Xobeh.
 15233 | D:9      | Acquired Okawaru's second power
 16218 | D:9      | Reached skill level 14 in Long Blades
 16696 | D:10     | Entered Level 10 of the Dungeon
 16947 | D:10     | Found a staircase to the Orcish Mines.
 18123 | D:10     | Reached skill level 1 in Dodging
 18801 | D:10     | Reached skill level 5 in Fighting
 18836 | D:10     | Noticed a hill giant
 18846 | D:10     | Killed a hill giant
 18846 | D:10     | Reached XP level 11. HP: 58/88 MP: 8/8
 19292 | D:10     | Found a staircase to the Lair.
 19345 | D:10     | Found Xiotyt's Weapon Boutique.
 19661 | D:10     | Received a gift from Okawaru
 19664 | D:10     | Got an ancient arbalest {god gift}
 19665 | D:10     | Identified the +2 arbalest of the Fortune-Teller {penet, Str+3 Dex-4} (Okawaru gifted it to you on level 10 of the Dungeon)
 20243 | D:10     | Reached skill level 1 in Crossbows
 20600 | D:11     | Found a flagged portal.
 20629 | Bailey   | Entered a bailey
 20693 | Bailey   | Noticed Afay's ghost (experienced MiFi)
 21464 | D:11     | Noticed a seven-headed hydra
 21490 | D:11     | Killed a three-headed hydra
 21490 | D:11     | Reached skill level 5 in Crossbows
 22172 | Lair:1   | Entered Level 1 of the Lair of Beasts
 22970 | Lair:1   | Received a gift from Okawaru
 22973 | Lair:1   | Got a twisted arbalest {god gift}
 22974 | Lair:1   | Identified the +1 arbalest of Thryatho {elec, rPois Dex+2} (Okawaru gifted it to you on level 1 of the Lair of Beasts)
 23069 | Lair:1   | Mangled by a spiny frog

Action                   |  1- 3 |  4- 6 |  7- 9 | 10-12 || total
-------------------------+-------+-------+-------+-------++-------
Melee: Long sword        |   111 |   102 |       |    25 ||   238
       Falchion          |       |   171 |   301 |       ||   472
       Scimitar          |       |       |   425 |   695 ||  1120
 Fire: Arbalest          |       |       |       |    42 ||    42
Throw: Throwing net      |       |       |     2 |       ||     2
       Tomahawk          |       |       |     9 |    31 ||    40
Invok: Heroism           |       |       |     1 |     3 ||     4
       Finesse           |       |       |       |     1 ||     1
Evoke: Wand              |       |     1 |    12 |    11 ||    24
  Use: Scroll            |       |     6 |     3 |     2 ||    11
       Potion            |       |     4 |     3 |     9 ||    16
 Stab: Held in net/web   |       |       |     2 |       ||     2
       Invisible         |       |       |       |     3 ||     3
  Eat: Chunk             |     3 |     7 |    18 |    11 ||    39
       Beef jerky        |       |     1 |     1 |     1 ||     3
       Fruit             |       |     1 |     4 |    13 ||    18
       Bread ration      |       |       |       |     1 ||     1
